 Dungeon Sprint DCSS version 0.14-a0-1378-gf8e6a88 (webtiles) character file.

89 Egon the Skirmisher (level 4, -1/44 HPs)
             Began as a Minotaur Gladiator on Dec 8, 2013.
             Was an Initiate of Okawaru.
             Slain by an ice beast (9 damage)
             ... in the Dungeon (Sprint IX: "|||||||||||||||||||||||||||||").
             The game lasted 00:02:45 (402 turns).

Egon the Skirmisher (Minotaur Gladiator)             Turns: 402, Time: 00:02:46

HP  -1/44        AC  4     Str 25      XL: 4   Next: 31%
MP   2/2         EV 14     Int  5      God: Okawaru [......]
Gold 0           SH  0     Dex 12      Spells:  0 memorised,  3 levels left

rFire  . . .     SeeInvis .     a - +2 scimitar (slice)
rCold  . . .     Clarity  .     b - +0 leather armour
rNeg   . . .     Conserve .     (no shield)
rPois  .         rCorr    .     c - +0 cap
rElec  .         rRot     .     q - +0 cloak
SustAb . .       Spirit   .     (no gloves)
rMut   .         Warding  .     (no boots)
Saprov . . .     NoTele   +     (no amulet)
                                s - +3 ring of strength
                                r - +3 ring of strength

@: slightly resistant to hostile enchantments, very unstealthy
A: retaliatory headbutt, horns 2
a: Renounce Religion


You were in the Dungeon.
You worshipped Okawaru.
Okawaru was noncommittal.
You were not hungry.

You visited 1 branch

Inventory:

Hand weapons
 a - a +2,+2 scimitar of slicing (weapon)
Missiles
 d - 3 throwing nets (quivered)
 l - 4 darts of flame
Armour
 b - a +0 leather armour (worn)
 c - a +0 cap (worn)
 q - a +0 cloak (worn)
Magical devices
 p - a wand of fire (7)
Comestibles
 f - a bread ration
Scrolls
 k - 2 scrolls of blinking
 n - 3 scrolls of remove curse
 o - 2 scrolls of amnesia
Jewellery
 r - a +3 ring of strength (left hand)
 s - a +3 ring of strength (right hand)
Potions
 e - a potion of invisibility
 g - 2 potions of heal wounds
 i - 4 potions of magic
 m - 4 potions of curing


   Skills:
 + Level 5.7 Fighting
   Level 3.2 Short Blades
 + Level 1.3 Long Blades
 - Level 2.0 Throwing
 + Level 4.6 Armour
 + Level 5.6 Dodging
 + Level 4.3 Unarmed Combat


You had 3 spell levels left.
You didn't know any spells.

Dungeon Overview and Level Annotations

Branches:
Dungeon (1/1)

Altars:
Ashenzari
Cheibriados
Elyvilon
Fedhas
Kikubaaqudgha
Makhleb
Nemelex Xobeh
Okawaru
Sif Muna
Trog
Vehumet
Xom
Yredelemnul
Zin
the Shining One


Innate Abilities, Weirdness & Mutations

You reflexively headbutt those who attack you in melee.
You have a pair of horns on your head.


Message History

You slash the ice beast! Your headbutt misses the ice beast.
The ice beast is moderately wounded.
The ice beast hits you. The ice beast freezes you.
You closely miss the ice beast.
The ice beast is moderately wounded.
The ice beast hits you. The ice beast freezes you!
Your potion of speed freezes and shatters!
The ice beast hits you. The ice beast freezes you!
* * * LOW HITPOINT WARNING * * *
You closely miss the ice beast. Your headbutt misses the ice beast.
The ice beast is moderately wounded.
The ice beast misses you.
Unknown command.
You hit the ice beast.
The ice beast is moderately wounded.
The ice beast hits you.
* * * LOW HITPOINT WARNING * * *
The ice beast freezes you!
Your potion of berserk rage freezes and shatters!
You die... ▓▓▓▓▓▓▓▓▓▓▓▓▓▓▓▓▓▓▓▓▓▓▓▓▓ _______'..|)[.[.@IKCbI..+ ▓▓▓▓▓▓▓▓▓▓▓▓▓▓▓▓▓▓▓▓▓▓▓▓▓

You could see a hill giant, 2 ice beasts, a bat and a kobold.

Vanquished Creatures
  3 worker ants (D)
  An adder (D)
  2 goblins (D)
  A hobgoblin (D)
  A quokka (D)
  A giant newt (D)
  2 kobolds (D)
11 creatures vanquished.

Notes
Turn   | Place    | Note
--------------------------------------------------------------
     0 | D        | Egon, the Minotaur Gladiator, began the quest for the Orb.
     0 | D        | Reached XP level 1. HP: 18/18 MP: 1/1
    17 | D        | Reached skill level 1 in Armour
    20 | D        | Reached skill level 1 in Unarmed Combat
    35 | D        | Noticed a worker ant
    35 | D        | Noticed a worker ant
    35 | D        | Noticed a worker ant
    43 | D        | Killed a worker ant
    43 | D        | Reached skill level 4 in Fighting
    43 | D        | Reached XP level 2. HP: 11/28 MP: 1/1
    43 | D        | Reached XP level 3. HP: 13/34 MP: 2/2
    53 | D        | Killed a worker ant
    53 | D        | Reached skill level 5 in Fighting
    53 | D        | Reached skill level 5 in Dodging
    68 | D        | Killed a worker ant
    68 | D        | Reached XP level 4. HP: 8/42 MP: 2/2
    75 | D        | Found an ancient bone altar of Kikubaaqudgha.
    75 | D        | Found a glowing golden altar of the Shining One.
    75 | D        | Found a deep blue altar of Sif Muna.
    75 | D        | Found an iron altar of Okawaru.
    75 | D        | Found a shattered altar of Ashenzari.
    75 | D        | Found a blossoming altar of Fedhas.
    75 | D        | Found a radiant altar of Vehumet.
    76 | D        | Found a burning altar of Makhleb.
    77 | D        | Found a snail-covered altar of Cheibriados.
    78 | D        | Found a white marble altar of Elyvilon.
    79 | D        | Found a bloodstained altar of Trog.
    80 | D        | Found a sparkling altar of Nemelex Xobeh.
    81 | D        | Became a worshipper of Warmaster Okawaru
   116 | D        | Found a glowing silver altar of Zin.
   117 | D        | Found a basalt altar of Yredelemnul.
   118 | D        | Found a shimmering altar of Xom.
   119 | D        | Found an iron altar of Okawaru.
   120 | D        | Found a shimmering altar of Xom.
   396 | D        | Noticed an ice beast
   396 | D        | Noticed a hill giant
   396 | D        | Noticed an ice beast
   398 | D        | Reached skill level 1 in Long Blades
   402 | D        | Slain by an ice beast

Action                   |  1- 3 |  4- 6 || total
-------------------------+-------+-------++-------
Melee: Short sword       |    48 |       ||    48
       Scimitar          |       |     6 ||     6
  Use: Potion            |     2 |       ||     2
